 Dungeon Crawl Stone Soup version 0.28-a0-577-gb193047a1f (webtiles) character file.

Game seed: 8345793470222561002

583 pokedragonboy the Chopper (level 7, -2/56 HPs)
             Began as a Formicid Fighter on Oct 1, 2021.
             Was an Initiate of the Shining One.
             Killed from afar by Dowan (8 damage)
             ... with a stone arrow
             ... on level 4 of the Dungeon.
             The game lasted 00:05:07 (3608 turns).

pokedragonboy the Chopper (Formicid Fighter)        Turns: 3608, Time: 00:05:08

Health: -2/56      AC:  9    Str: 22    XL:     7   Next: 64%
Magic:  7/7        EV:  8    Int:  8    God:    the Shining One [......]
Gold:   155        SH:  4    Dex: 10    Spells: 6/6 levels left

rFire   . . .      SeeInvis +   a - +0 war axe
rCold   . . .      Faith    .   c - +0 buckler
rNeg    . . .      Spirit   .   l - +0 chain mail
rPois   .          Reflect  .   (helmet unavailable)
rElec   .          Harm     .   (no cloak)
rCorr   .          Rampage  .   (no gloves)
Will    .....                   (no boots)
Stlth   ..........              (no amulet)
HPRegen 0.18/turn               (no ring)
MPRegen 0.10/turn               (no ring)

@: mighty, glowing
A: permanent stasis, dig shafts and tunnels, antennae 3, four strong arms
a: Dig, Shaft Self, Renounce Religion


You were on level 4 of the Dungeon.
You worshipped the Shining One.
The Shining One was noncommittal.
You visited 1 branch of the dungeon, and saw 4 of its levels.

You collected 155 gold pieces.

Inventory:

Hand Weapons
 a - a +0 war axe (weapon)
Armour
 c - a +0 buckler (worn)
 l - a +0 chain mail (worn)
Scrolls
 b - 2 scrolls of identify {unknown}
 e - a scroll of fear {unknown}
 h - a scroll of acquirement {unknown}
 j - a scroll of magic mapping {unknown}
 k - 2 scrolls of enchant armour {unknown}
 m - a scroll of vulnerability {unknown}
 p - a scroll of noise {unknown}
Potions
 d - a potion of might
 f - a potion of mutation {unknown}
 g - a potion of haste {unknown}
 i - a potion of brilliance {unknown}
 n - a potion of curing
 o - a potion of berserk rage {unknown}
 q - 2 potions of cancellation {unknown}


   Skills:
 + Level 5.2 Fighting
 * Level 5.7 Axes
 + Level 5.2 Armour
 - Level 4.0 Shields


You had 6 spell levels left.
You didn't know any spells.
Your spell library was empty.

Dungeon Overview and Level Annotations

Branches:
Dungeon (4/15)
 Temple: D:4-7

Altars:
Elyvilon
Gozag
The Shining One

Annotations:
D:3 3 runed translucent doors, Dittersdorf's ghost, amateur GrFi
D:4 Dowan


Innate Abilities, Weirdness & Mutations

You cannot be hasted, slowed, berserked, paralysed or teleported.
You can dig through walls and to a lower floor.
You have a pair of large antennae on your head. (SInv)
Your four strong arms can wield two-handed weapons with a shield.


Message History

Dowan seems to find hidden reserves of power!
You hit Dowan.
Dowan is lightly wounded.
Dowan barely misses you.
You barely miss Dowan.
Dowan is lightly wounded.
Dowan hits you but does no damage. You block Dowan's attack.
You closely miss Dowan.
Dowan is lightly wounded.
Dowan says, "Magic will overcome all!"
Dowan hits you with a +0 dagger of distortion.
Space warps horribly around you!! Dowan hits you but does no damage.
Space bends around you.
You hit Dowan.
Dowan is moderately wounded.
Dowan barely misses you.
Dowan hits you with a +0 dagger of distortion.
* * * LOW HITPOINT WARNING * * *
Space bends around you.
* * * LOW HITPOINT WARNING * * *
You feel better. Dowan casts a spell at you. The shard of ice hits you!
* * * LOW HITPOINT WARNING * * *
You feel better. Dowan hits you but does no damage.
Dowan completely misses you.
You feel very mighty all of a sudden. Dowan hits you but does no damage.
Space bends around you.
You slash Dowan!
Dowan is almost dead.
Dowan hits you but does no damage. Space warps horribly around you!
* * * LOW HITPOINT WARNING * * *
Dowan casts a spell at you. You block the shard of ice.
You barely miss Dowan.
Dowan is almost dead.
You block Dowan's attack. Dowan gestures at you while chanting.
The stone arrow hits you!
You die...

#.##...### #.# #.###.##
#.# ..# #.# #.# ### #.#
#.# ##+# ##.## ##...##
#...### ##.....##
#...#)## ##.......##
##....#.#
#.........####..@#####
+.........'......e......
#.........####....######
#.......## ##.#.#
##.....## ###.#
##...####### .#
#.........# .#
#..######.# .# #..#


You could see Dowan (fast).

Vanquished Creatures
  Duvessa (D:4)
  A black bear (D:4)
  A necrophage (D:4)
  A wyvern skeleton (D:3)
  A water moccasin skeleton (D:4)
  A hound (D:4)
  An orc wizard (D:3)
  Robin (D:2)
  4 adders
  An adder skeleton (D:4)
  4 orcs (D:3)
  5 endoplasms
  5 giant cockroaches
  13 goblins
  7 hobgoblins
  7 jackals
  10 kobolds
  2 quokkas
  10 ball pythons
  9 bats
  3 frilled lizards (D:1)
  7 rats
  A spectral goblin (D:1)
96 creatures vanquished.

Notes
Turn   | Place    | Note
-------+----------+-------------------------------------------
     0 | D:1      | pokedragonboy the Formicid Fighter began the quest for the
                  | Orb.
     0 | D:1      | Reached XP level 1. HP: 18/18 MP: 1/1
    56 | D:1      | Reached XP level 2. HP: 19/24 MP: 2/2
   249 | D:1      | Found a faded altar of an unknown god.
   399 | D:1      | Reached XP level 3. HP: 29/29 MP: 3/3
   820 | D:2      | Noticed Robin
   868 | D:2      | Killed Robin
   869 | D:2      | Reached XP level 4. HP: 25/37 MP: 4/4
  1718 | D:2      | Reached XP level 5. HP: 33/42 MP: 5/5
  1991 | D:3      | Found a runed translucent gate.
  2003 | D:3      | Found a runed translucent gate.
  2205 | D:3      | Found a glowing golden altar of the Shining One.
  2230 | D:3      | Became a worshipper of the Shining One
  2374 | D:3      | Reached XP level 6. HP: 49/49 MP: 6/6
  2406 | D:3      | Found a runed translucent gate.
  2410 | D:3      | Noticed Dittersdorf's ghost (amateur GrFi)
  2551 | D:3      | Found a white marble altar of Elyvilon.
  2929 | D:4      | Noticed a necrophage
  2944 | D:4      | Killed a necrophage
  2999 | D:4      | Noticed a black bear
  3010 | D:4      | Killed a black bear
  3011 | D:4      | Reached skill level 5 in Axes
  3011 | D:4      | Reached XP level 7. HP: 21/55 MP: 7/7
  3350 | D:4      | Found an opulent altar of Gozag.
  3414 | D:4      | Reached skill level 5 in Fighting
  3414 | D:4      | Reached skill level 5 in Armour
  3581 | D:4      | Noticed Duvessa
  3595 | D:4      | Killed Duvessa
  3599 | D:4      | Noticed Dowan
  3608 | D:4      | Killed from afar by Dowan

Illustrated notes

Levels and vault maps discovered:
D:1:      lightli_arrival_chessboard, layout_rooms,
          dreamdust_ecumenical_altar_drowned_temple, hangedman_glass_teeth
D:2:      layout_basic, minmay_pentomino_z4, uniq_robin
D:3:      layout_basic, mainiacjoe_overflow_tiny_flanked, elyvilon_altar_5,
          ebering_ghost_rock_garden, bh_walls_and_bars
D:4:      layout_loops_corners, trog_three_pillars_becter,
          mainiacjoe_overflow_surrounded_room, uniq_duvessa

Skill      XL: |  1  2  3  4  5  6  7 |
---------------+----------------------+-----
Shields        | 4 |  4.0
Axes           | 3 4 5 |  5.7
Armour         | 4 5 |  5.2
Fighting       | 4 5 |  5.2

Action                   |  1- 3 |  4- 6 |  7- 9 || total
-------------------------+-------+-------+-------++-------
Melee: War axe           |   108 |   144 |    35 ||   287
 Abil: Dig               |     1 |       |     1 ||     2
  Use: Scroll            |       |     1 |       ||     1
       Potion            |       |       |     3 ||     3
Armor: Scale mail        |    42 |    40 |       ||    82
       Chain mail        |       |    53 |    17 ||    70
Dodge: Dodged            |    55 |    69 |    18 ||   142
Block: Buckler           |    22 |    33 |    11 ||    66

Table legend: (Time is in decaauts)
 A = Elapsed time spent in this place.
 B = Non-inter-level travel time spent in this place.
 C = Inter-level travel time spent in this place.
 D = Time resting spent in this place.
 E = Time spent auto-exploring this place.
 F = Levels seen in this place.
 G = Mean time per level.
                   A        B        C        D        E       F      G
               +--------+--------+--------+--------+--------+-----+--------+
         Total |   3706 |   3615 |     91 |    852 |   2046 |   4 |  926.5 |
       Dungeon |   3706 |   3615 |     91 |    852 |   2046 |   4 |  926.5 |
               +--------+--------+--------+--------+--------+-----+--------+

Top non-repeatable levels by time:
     D:2: 1316 daAuts
     D:1: 838 daAuts
     D:3: 803 daAuts
     D:4: 749 daAuts
